 Dungeon Crawl Stone Soup version 0.25-a0-700-g7f8a797 (webtiles) character file.

Game seed: 11399543271839589013, levelgen mode: deterministic

23026 BlueFish the Brawler (level 12, -3/172 HPs)
             Began as a Troll Monk on Apr 2, 2020.
             Was a High Priest of Wu Jian.
             Slain by a seven-headed hydra (8 damage)
             ... on level 4 of the Lair of Beasts.
             The game lasted 00:29:05 (11987 turns).

BlueFish the Brawler (Troll Monk)                  Turns: 11987, Time: 00:29:05

Health: -3/172     AC:  9    Str: 26    XL:     12   Next: 68%
Magic:  11/11      EV:  9    Int:  6    God:    Wu Jian [*****.]
Gold:   1737       SH:  0    Dex: 12    Spells: 9/11 levels left

rFire    . . .     SeeInvis .     - Unarmed
rCold    . . .     Gourm    +   (no shield)
rNeg     . . .     Faith    .   z - +2 robe {MR+}
rPois    +         Spirit   .   (helmet restricted)
rElec    .         Reflect  .   p - +0 cloak
rCorr    .         Harm     .   (gloves unavailable)
MR       +....                  (boots unavailable)
Stlth    ..........             (no amulet)
HPRegen  0.78/turn              j - ring of poison resistance
MPRegen  0.12/turn              u - -3 ring of evasion (curse)

@: berserking, lethally poisoned (-3 -> -6), very quick
A: large, unfitting armour, claws 3, fast metabolism 3, gourmand, regeneration
1, shaggy fur 1, tough skin 3
a: Wall Jump, Serpent's Lash, Heavenly Storm, Renounce Religion


You were on level 4 of the Lair of Beasts.
You worshipped Wu Jian.
Wu Jian was extremely pleased with you.
You were completely stuffed.

You visited 3 branches of the dungeon, and saw 16 of its levels.

You collected 1737 gold pieces.

Inventory:

Armour
 p - a +0 cloak (worn)
 z - a +2 robe of magic resistance (worn)
Jewellery
 j - a ring of poison resistance (left claw)
 u - a cursed -3 ring of evasion (right claw)
 D - an uncursed ring of protection from magic {unknown}
 E - an uncursed ring of protection from magic {unknown}
Wands
 g - a wand of flame (16)
 i - a wand of polymorph (4)
 k - a wand of random effects (54)
 q - a wand of digging (3)
 x - a wand of paralysis (2)
 y - a wand of enslavement (9)
 G - a wand of disintegration (13)
Scrolls
 c - 2 scrolls of blinking
 d - 3 scrolls of magic mapping
 e - 9 scrolls of teleportation
 f - a scroll of immolation
 h - a scroll of fear
 l - 6 scrolls of enchant armour
 o - 2 scrolls of amnesia
 r - 3 scrolls of enchant weapon
 B - a scroll of vulnerability
 F - a scroll of summoning {unknown}
 I - a scroll of noise {unknown}
 K - a scroll of silence {unknown}
 L - a scroll of torment {unknown}
Potions
 a - 6 potions of curing
 m - a potion of might
 n - a potion of berserk rage
 s - a potion of haste
 t - 4 potions of lignification
 v - 2 potions of flight
 w - 2 potions of stabbing
 A - a potion of brilliance
 C - 2 potions of ambrosia
 J - a potion of heal wounds {unknown}
Comestibles
 b - 21 rations
 H - 4 chunks of flesh


   Skills:
 * Level 6.5 Fighting
 + Level 5.7 Dodging
 + Level 3.0 Stealth
 * Level 16.6 Unarmed Combat
 * Level 4.7 Charms


You had 9 spell levels left.
You knew the following spells:

 Your Spells              Type           Power        Failure   Level  Hunger
a - Swiftness             Chrm/Air       #.......     28%         2    ###....

Your spell library contained the following spells:

 Spells                   Type           Power        Failure   Level  Hunger
 Sandblast                Erth           #.....       45%         1    ##.....
 Shock                    Conj/Air       #...         45%         1    ##.....
 Passwall                 Tmut/Erth      #.......     58%         2    ###....
 Confusing Touch          Hex            #.......     83%         3    ####...
 Gell's Gravitas          Tloc           #.........   83%         3    ####...
 Static Discharge         Conj/Air       #.......     83%         3    ####...
 Stone Arrow              Conj/Erth      #.....       83%         3    ####...
 Airstrike                Air            #.........   99%         4    #####..
 Petrify                  Tmut/Erth      #.......     99%         4    #####..
 Lee's Rapid Deconstruct  Erth           #.........   100%        5    ######.
 Lightning Bolt           Conj/Air       #.........   100%        5    ######.
 Metabolic Englaciation   Hex/Ice        #.........   100%        5    ######.
 Yara's Violent Unravell  Hex/Tmut       #.........   100%        5    ######.


Dungeon Overview and Level Annotations

Branches:
Dungeon (11/15)            Temple (1/1) D:6            Lair (4/6) D:11
  Swamp (0/4) Lair:3        Snake (0/4) Lair:4
    Orc: D:9-12

Altars:
Ashenzari
Cheibriados
Dithmenos
Elyvilon
Fedhas
Gozag
Hepliaklqana
Kikubaaqudgha
Makhleb
Nemelex Xobeh
Okawaru
Qazlal
Ru
Sif Muna
Trog
Uskayaw
Vehumet
Wu Jian
Xom
Yredelemnul
Zin
The Shining One

Shops:
D:5 *   D:8 (   D:9 [

Annotations:
Lair:2 1 runed translucent door, MrDNA's ghost, journeyman TrCK


Innate Abilities, Weirdness & Mutations

You are too large for most types of armour.
You have claws for hands.
Your metabolism is lightning-fast.
You like to eat raw meat.
Your natural rate of healing is unusually fast.
You are covered in fur. (AC +1)
You have extremely tough skin. (AC +3)


Message History

The six-headed hydra bites you but does no damage.
You barely miss the six-headed hydra.
The six-headed hydra is moderately wounded.
The elephant tramples you.
You hold your ground!
The elephant trunk-slaps you.
You rip one of the six-headed hydra's heads off!
The five-headed hydra grows two more!
You claw the seven-headed hydra!
The seven-headed hydra is moderately wounded.
The spiny frog stings you!!
* * * LOW HITPOINT WARNING * * *
You are poisoned.
The spiny frog poisons you! The seven-headed hydra bites you!
* * * LOW HITPOINT WARNING * * *
The seven-headed hydra barely misses you.
The seven-headed hydra bites you!
* * * LOW HITPOINT WARNING * * *
The seven-headed hydra closely misses you.
The seven-headed hydra bites you!
* * * LOW HITPOINT WARNING * * *
The seven-headed hydra bites you!
You die...

...F...#.≈≈≈.....≈≈≈...#
#........P≈≈.......≈≈..##
#......#..≈≈...>.≈.≈≈...#
.........≈≈≈≈.≈...≈≈≈.#.#
.........≈≈≈≈)...Y≈≈≈.###
P.........≈≈≈≈...≈≈≈..#
#...........≈≈)≈Y≈≈...##
##
#)...........≈≈FYDY....#
#.
#...............@.....##
#F
#.[..(.##...#..####...##
P #.......########
##....# # .......##
#.....# # .......### #
##...## # .........###
#.###...# # .............
........# ###### ##
.............
........###P#..###.
.............
...................


You could see a seven-headed hydra, 4 elephants and a spiny frog.

Vanquished Creatures
  2 two-headed ogres
  Nergalle (Lair:2)
  Pikel (D:7)
  An ugly thing (D:11)
  Joseph (D:10)
  2 black mambas
  5 spiny frogs
  A centaur skeleton (D:11)
  Maggie (D:8)
  2 komodo dragons
  A rime drake (Lair:3)
  A troll (D:11)
  A polar bear (Lair:3)
  4 bog bodies (Lair:3)
  A hornet (D:11)
  6 hippogriffs
  4 blink frogs (Lair:1)
  25 yaks
  A spriggan (D:7)
  A wyvern (D:9)
  3 hungry ghosts
  4 basilisks
  Edmund (D:5)
  2 nagas (Lair:4)
  5 porcupines
  7 water moccasins
  2 sky beasts
  2 orc warriors
  An ice beast (D:10)
  6 phantoms
  2 slaves (D:7)
  3 ogres
  13 centaurs
  10 wolves
  2 crocodiles
  Blork the orc (D:5)
  4 big kobolds
  9 bullfrogs
  9 scorpions
  8 killer bees (D:11)
  An electric eel (Lair:3)
  6 wights
  A howler monkey (D:6)
  6 crimson imps
  2 quasits
  5 hounds
  Crazy Yiuf (D:5)
  11 jellies
  3 orc priests
  7 orc wizards
  Ijyb (D:3)
  8 iguanas
  10 worker ants
  2 hound zombies
  A hound skeleton (D:7)
  3 gnolls (D:10)
  11 adders
  A shadow imp (D:8)
  3 oozes
  4 adder skeletons
  An adder zombie (D:6)
  4 worms
  3 dart slugs
  9 leopard geckos
  26 orcs
  4 giant cockroaches
  5 goblins
  6 hobgoblins
  2 jackals (D:3)
  3 quokkas
  3 ball pythons
  7 bats
  6 frilled lizards
  20 kobolds
  6 rats
348 creatures vanquished.

Vanquished Creatures (others)
  An orc wizard (D:5)
1 creature vanquished.

Grand Total: 349 creatures vanquished

Notes
Turn   | Place    | Note
-------+----------+-------------------------------------------
     0 | D:1      | BlueFish the Troll Monk began the quest for the Orb.
     0 | D:1      | Reached XP level 1. HP: 22/22 MP: 0/0
   241 | D:1      | Reached XP level 2. HP: 29/29 MP: 1/1
   626 | D:2      | Reached XP level 3. HP: 16/36 MP: 2/2
   708 | D:2      | Reached skill level 4 in Unarmed Combat
   708 | D:2      | Reached XP level 4. HP: 39/45 MP: 3/3
   889 | D:2      | Reached XP level 5. HP: 53/53 MP: 4/4
  1383 | D:3      | Noticed Ijyb
  1390 | D:3      | Killed Ijyb
  1390 | D:3      | Reached skill level 5 in Unarmed Combat
  1770 | D:3      | Reached XP level 6. HP: 61/61 MP: 5/5
  2072 | D:4      | Reached skill level 6 in Unarmed Combat
  2185 | D:4      | Reached XP level 7. HP: 64/67 MP: 6/6
  2374 | D:4      | Reached skill level 7 in Unarmed Combat
  2425 | D:4      | Learned a level 2 spell: Swiftness
  2580 | D:5      | Entered Level 5 of the Dungeon
  2749 | D:5      | Noticed Edmund
  2758 | D:5      | Killed Edmund
  2758 | D:5      | Reached skill level 8 in Unarmed Combat
  2761 | D:5      | Reached XP level 8. HP: 66/78 MP: 7/7
  2804 | D:5      | Found a runed translucent door,
  2805 | D:5      | Noticed Crazy Yiuf
  2843 | D:5      | Found a shimmering altar of Xom,
  2935 | D:5      | Found an opulent altar of Gozag,
  2935 | D:5      | Found Gozag's Platinum Reserve,
  3189 | D:5      | Found a snail-covered altar of Cheibriados,
  3223 | D:5      | Noticed Blork the orc
  3229 | D:5      | Killed Blork the orc
  3229 | D:5      | Reached skill level 1 in Charms
  3383 | D:5      | Killed Crazy Yiuf
  3700 | D:6      | Found a staircase to the Ecumenical Temple,
  3705 | Temple   | Entered the Ecumenical Temple
  3819 | D:6      | Reached skill level 9 in Unarmed Combat
  4374 | D:7      | Reached skill level 10 in Unarmed Combat
  4406 | D:7      | Reached XP level 9. HP: 82/84 MP: 8/8
  4673 | D:7      | Noticed Pikel
  4681 | D:7      | Killed Pikel
  4681 | D:7      | Reached skill level 11 in Unarmed Combat
  5127 | D:7      | Found a sparkling altar of Nemelex Xobeh,
  5128 | D:7      | Found a bloodstained altar of Trog,
  5128 | D:7      | Found a basalt altar of Yredelemnul,
  5129 | D:7      | Found an ancient bone altar of Kikubaaqudgha,
  5237 | D:7      | Found a sacrificial altar of Ru,
  5294 | Temple   | Became a worshipper of the Wu Jian Council
  5294 | Temple   | Reached * piety under Wu Jian
  5294 | Temple   | Reached ** piety under Wu Jian
  5468 | D:8      | Found Puqugg's Weapon Boutique,
  5600 | D:8      | Upgraded the game from 0.25-a0-697-g890751e to
                  | 0.25-a0-700-g7f8a797
  5716 | D:8      | Reached XP level 10. HP: 64/94 MP: 9/9
  5920 | D:8      | Found a radiant altar of Vehumet.
  5947 | D:8      | Reached skill level 12 in Unarmed Combat
  5992 | D:8      | HP: 3/94 [something (4)]
  5994 | D:8      | Noticed Maggie
  6000 | D:8      | Killed Maggie
  6021 | D:8      | Reached skill level 5 in Fighting
  6564 | D:9      | Reached *** piety under Wu Jian
  6723 | D:9      | Reached skill level 13 in Unarmed Combat
  6887 | D:9      | Found Cadeeg's Antique Armour Emporium.
  7148 | D:10     | Entered Level 10 of the Dungeon
  7379 | D:10     | Noticed Joseph
  7385 | D:10     | Killed Joseph
  7556 | D:10     | Noticed a two-headed ogre
  7564 | D:10     | Killed a two-headed ogre
  7564 | D:10     | Reached skill level 5 in Dodging
  7564 | D:10     | Reached XP level 11. HP: 21/104 MP: 10/10
  7937 | D:11     | Found a staircase to the Lair.
  7948 | D:11     | Reached skill level 14 in Unarmed Combat
  8036 | D:11     | Noticed a brown ugly thing
  8053 | D:11     | Killed a brown ugly thing
  8203 | D:11     | Reached **** piety under Wu Jian
  8661 | D:11     | Noticed a two-headed ogre
  8670 | D:11     | Killed a two-headed ogre
  8886 | D:11     | Reached skill level 15 in Unarmed Combat
  9026 | D:11     | Reached ***** piety under Wu Jian
  9346 | Lair:1   | Entered Level 1 of the Lair of Beasts
  9578 | Lair:1   | Reached XP level 12. HP: 96/114 MP: 11/11
  9666 | Lair:1   | Identified a scroll of acquirement
  9667 | Lair:1   | Identified the +0 robe "Qufit" {-Cast rElec Int+8 Stlth-}
                  | (You acquired it on level 1 of the Lair of Beasts)
 10363 | Lair:2   | Found a runed translucent door.
 10370 | Lair:2   | Noticed MrDNA's ghost (journeyman TrCK)
 10468 | Lair:2   | Noticed Nergalle
 10479 | Lair:2   | Killed Nergalle
 10549 | Lair:2   | Reached skill level 16 in Unarmed Combat
 11662 | Lair:3   | Found a staircase to the Swamp.
 11835 | Lair:4   | Found a staircase to the Snake Pit.
 11945 | Lair:4   | Noticed a four-headed hydra
 11987 | Lair:4   | HP: 5/172 [seven-headed hydra (11)]
 11987 | Lair:4   | Slain by a seven-headed hydra

Levels and vault maps discovered:
D:1:      minmay_arrival_open_corners, layout_basic
D:2:      layout_basic
D:3:      layout_loops_corners, first_ration, hex_medium, uniq_ijyb
D:4:      layout_gridville, kennysheep_generic_room_13
D:5:      layout_loops_cross, slow_altar_2, lemuel_crystal_altar,
          nicolae_gozag_zags_fifth_avenue, uniq_blork_the_orc,
          uniq_crazy_yiuf_cottage, uniq_edmund
D:6:      layout_gridville, temple_doors_e
D:7:      layout_loops_cross, kennysheep_mini,
          chequers_temple_overflow_statue_of_worship, the_bakery, uniq_pikel
D:8:      layout_basic, marbit_many_paths, serial_shops, shop, uniq_maggie
D:9:      layout_irregular_city, serial_shops, shop
D:10:     layout_basic, uniq_joseph
D:11:     layout_layer_cave, david_lair_generic
Temple:   nicolae_temple_god_jail
Lair:1:   layout_chaotic_city, hangedman_lair_unloving_vines, grunt_megastairs_5
Lair:2:   layout_concentric_octagons, ebering_ghost_reflecting_pool,
          uniq_nergalle
Lair:3:   layout_roguey, nicolae_swamp_entry_splash_gauntlet
Lair:4:   layout_big_grid, guppyfry_snake_entry_island, beast_lair_carwin_10

Skill      XL: |  1  2  3  4  5  6  7  8  9 10 11 12 |
---------------+-------------------------------------+-----
Fighting       | 3 4 5 6 |  6.5
Unarmed Combat | 4 5 6 8 10 11 13 15 16 | 16.6
Dodging        | 3 4 5 |  5.7
Charms         | 1 2 3 4 |  4.7
Stealth        | 2 3 |  3.0

Action                   |  1- 3 |  4- 6 |  7- 9 | 10-12 || total
-------------------------+-------+-------+-------+-------++-------
Melee: Unarmed           |    59 |   139 |   334 |   556 ||  1088
       Punch             |     1 |     2 |    13 |    37 ||    53
Invok: Whirlwind         |       |       |    21 |   101 ||   122
       Lunge             |       |       |     1 |    82 ||    83
  Use: Scroll            |     3 |     3 |     8 |    10 ||    24
       Potion            |       |       |       |     2 ||     2
 Stab: Sleeping          |       |     1 |     5 |     7 ||    13
       Distracted        |       |       |       |     2 ||     2
  Eat: Chunk             |    12 |    14 |    31 |    68 ||   125
Armor: Robe              |    35 |    34 |   102 |    85 ||   256
       Skin              |       |     3 |       |       ||     3
Dodge: Dodged            |    39 |    54 |   125 |   144 ||   362

Table legend:
 A = Non-vault XP
 B = Vault XP
 C = Vault XP percentage of total XP
 D = Non-vault monster count
 E = Vault monster count
 F = Vault count percentage of total count
                 A         B        C        D         E       F
            +---------+---------+-------+---------+---------+-------
      Total |   27794 |    5101 |  15.5 |     324 |      23 |   6.6
            +---------+---------+-------+---------+---------+-------
        D:1 |      28 |       0 |   0.0 |      13 |       0 |   0.0
        D:2 |     186 |       0 |   0.0 |      26 |       0 |   0.0
        D:3 |     141 |      39 |  21.7 |      17 |       1 |   5.6
        D:4 |     652 |       3 |   0.5 |      18 |       1 |   5.3
        D:5 |     448 |     310 |  40.9 |      20 |       4 |  16.7
        D:6 |     828 |       0 |   0.0 |      13 |       0 |   0.0
        D:7 |    1476 |     878 |  37.3 |      35 |       2 |   5.4
        D:8 |    1047 |     419 |  28.6 |      22 |       2 |   8.3
        D:9 |    2841 |       0 |   0.0 |      31 |       0 |   0.0
       D:10 |    2144 |     475 |  18.1 |      23 |       1 |   4.2
       D:11 |    7582 |     757 |   9.1 |      56 |       4 |   6.7
     Lair:1 |    4684 |       0 |   0.0 |      21 |       0 |   0.0
     Lair:2 |     994 |     804 |  44.7 |       5 |       1 |  16.7
     Lair:3 |    3602 |    1100 |  23.4 |      17 |       5 |  22.7
     Lair:4 |    1141 |     316 |  21.7 |       7 |       2 |  22.2
            +---------+---------+-------+---------+---------+-------
